 Dungeon Crawl Stone Soup version 0.30-a0-782-ge64f9170bb (webtiles) character file.

Game seed: 17577115568648890777

32 Jane the Scratcher (level 3, -5/17 HPs)
             Began as a Felid Chaos Knight on Feb 21, 2023.
             Was a Plaything of Xom.
             Shot with an arrow by a centaur (10 damage)
             ... on level 4 of the Dungeon.
             The game lasted 00:15:18 (2184 turns).

Jane the Scratcher (Felid Chaos Knight)             Turns: 2184, Time: 00:15:19

Health: -5/17      AC:  1    Str:  8    XL:     3   Next: 10%
Magic:  4/4        EV: 18    Int: 13    God:    Xom [.*....]
Gold:   112        SH:  5    Dex: 17    Spells: 2/2 levels left
                                        Lives:  0   Deaths: 1

rFire   x . .      SeeInvis +      - Unarmed
rCold   + . .      Faith    .    (shield unavailable)
rNeg    . . .      Spirit   .    (body armour unavailable)
rPois   .          Reflect  +    (helmet unavailable)
rElec   .          Harm     .    (cloak unavailable)
rCorr   .          Rampage  .    (gloves unavailable)
Will    .....                    (boots unavailable)
Stlth   ++                       n - amulet of reflection
HPRegen 0.22/turn                h - ring of ice
MPRegen 0.09/turn                (no ring)

@: quick
A: very small, claws 1, fangs 3, see invisible, speed 1, shaggy fur 1, stealthy
paws, no weapons or thrown items, no armour, multi-lived
a: Renounce Religion


You were on level 4 of the Dungeon.
You worshipped Xom.
You were a plaything of Xom.
You visited 1 branch of the dungeon, and saw 4 of its levels.

You collected 112 gold pieces.

Inventory:

Jewellery
 h - a ring of ice (left paw)
 n - an amulet of reflection (around neck)
Wands
 s - a wand of digging (6)
Scrolls
 b - 4 scrolls of enchant armour {unknown}
 c - a scroll of blinking {unknown}
 d - a scroll of noise {unknown}
 f - a scroll of magic mapping {unknown}
 l - 3 scrolls of torment {unknown}
 m - a scroll of fear {unknown}
 p - a scroll of fog {unknown}
 q - a scroll of teleportation {unknown}
 r - 2 scrolls of identify {unknown}
Potions
 e - 2 potions of lignification {unknown}
 g - 2 potions of mutation {unknown}
 i - 2 potions of attraction {unknown}
 j - 4 potions of heal wounds {unknown}
 k - 3 potions of curing {unknown}
 o - 2 potions of might {unknown}
 t - a potion of magic {unknown}
Miscellaneous
 a - a piece from Xom's chessboard (15/15) (quivered)


   Skills:
 + Level 3.3 Fighting
 + Level 4.1 Dodging
 + Level 4.3 Unarmed Combat


You had 2 spell levels left.
You didn't know any spells.
Your spell library was empty.

Dungeon Overview and Level Annotations

Branches:
Dungeon (4/15)
 Temple: D:4-7

Altars:
The Shining One

Shops:
D:4 !


Innate Abilities, Weirdness & Mutations

You have sharp claws.
You have razor-sharp teeth.
You have supernaturally acute eyesight. (SInv)
You cover ground quickly. (Speed+)
You are covered in fur. (AC +1)
Your paws help you pounce on unaware monsters.
You are incapable of wielding weapons or throwing items.
You cannot wear armour.
You gain extra lives every three experience levels.


Message History

There is an entrance to Hurphotoi's Distillery here.
There is an entrance to Hurphotoi's Distillery here.
You see here a stone.
There is a stone staircase leading down here.
You now have 98 gold pieces (gained 7).
There is a stone staircase leading down here.
You see here a stone.
There is an entrance to Hurphotoi's Distillery here.
There is an open door here.
A centaur comes into view.
The centaur shouts!
The centaur wields a +0 shortbow.
The centaur shoots an arrow.
You reflect the arrow off an invisible shield around you!
The arrow hits the centaur!
The centaur shoots an arrow.
The arrow hits you!
Ouch! That really hurt!
The centaur shoots an arrow.
The arrow completely misses you.
The centaur shoots an arrow.
The arrow closely misses you.
The centaur shoots an arrow.
You reflect the arrow off an invisible shield around you!
The arrow hits the centaur!
The centaur shoots an arrow.
The arrow hits you!
* * * LOW HITPOINT WARNING * * *
The centaur shoots an arrow.
The arrow hits you.
You die...
You are now level 3!
Xom is highly amused!
You rejoin the land of the living...
Found a book of Ice.
You now have 112 gold pieces (gained 14).
The centaur shoots an arrow.
The arrow misses you.
The centaur shoots an arrow.
The arrow misses you.
The centaur shoots an arrow.
The arrow hits you!
Ouch! That really hurt!
* * * LOW HITPOINT WARNING * * *
The centaur shoots an arrow.
The arrow barely misses you.
The centaur shoots an arrow.
The arrow barely misses you.
The centaur shoots an arrow.
The arrow hits you!
Ouch! That really hurt!
You die...

##.##............
#####...........##<..
#########.....###.....#.##...
#............###......#......
#.........# #..........#....
#.........####.####≈≈####....
#............#.'..∩.(>..+....
#.........#....##########....
##..#######.@.........#......
#.## #.<..(......#..#... #:#
#..............(... #.#
#...........#.....# ###.#
###.c.........#..#..# #[.
####...........#....#<.# #.#
###....#....#...##...#^...
##.###......#....###.#........#
#...........†..................


You could see a centaur.

Vanquished Creatures
  A gnoll (D:4)
  An adder (D:2)
  2 worms (D:2)
  A dart slug (D:2)
  5 ball pythons
  2 endoplasms
  2 giant cockroaches
  3 goblins
  5 hobgoblins
  4 jackals
  6 kobolds
  4 quokkas
  5 bats (D:2)
  3 frilled lizards (D:1)
  A rat (D:1)
45 creatures vanquished.

Vanquished Creatures (collateral kills)
  A kobold (D:2)
1 creature vanquished.

Vanquished Creatures (others)
  4 plants (D:3)
4 creatures vanquished.

Grand Total: 50 creatures vanquished

Notes
Turn   | Place    | Note
-------+----------+-------------------------------------------
     0 | D:1      | Jane the Felid Chaos Knight began the quest for the Orb.
     0 | D:1      | Reached XP level 1. HP: 10/10 MP: 2/2
    63 | D:1      | XOM: silly message
   148 | D:1      | XOM: divination: detect creatures
   190 | D:1      | Found a faded altar of an unknown god.
   233 | D:1      | XOM is BORED!
   233 | D:1      | XOM: silly message
   245 | D:1      | Reached XP level 2. HP: 14/14 MP: 3/3
   829 | D:2      | Found a glowing golden altar of the Shining One.
   903 | D:2      | XOM: silly message
   945 | D:2      | XOM: silly message
  1148 | D:2      | Reached XP level 3. HP: 11/17 MP: 4/4
  1300 | D:2      | XOM: silly message
  1329 | D:2      | XOM: divination: magic mapping
  1520 | D:2      | XOM: silly message
  1525 | D:2      | XOM: cast spell 'Monstrous Menagerie'
  1870 | D:3      | XOM: polymorph gnoll -> orc
  2006 | D:4      | Reached XP level 4. HP: 13/21 MP: 5/5
  2084 | D:4      | Found Hurphotoi's Distillery.
  2157 | D:4      | Noticed a centaur
  2170 | D:4      | Shot with an arrow by a centaur
  2171 | D:4      | Reached XP level 3. HP: -4/17 MP: 4/4
  2184 | D:4      | Shot with an arrow by a centaur

Illustrated notes

Levels and vault maps discovered:
D:1:      nzn_arrival_water_spiral, layout_rooms, basic_ecumenical_altar,
          glass_columns_a, minmay_misc_feat_ornament,
          hangedman_abyss_or_decor_lesser_grid
D:2:      layout_loops_cross, basic_altar, hex_large
D:3:      layout_rooms, serial_forest, infiniplex_forest_lined_ring,
          infiniplex_forest_clump_small, infiniplex_forest_lined_2,
          infiniplex_forest_clump_double, infiniplex_forest_pool,
          infiniplex_forest_end_3, infiniplex_forest_straight_4,
          infiniplex_forest_lined_4_way, infiniplex_forest_end_2, serial_shops,
          nicolae_shop_waterfront, kennysheep_minor_cross
D:4:      layout_rooms, serial_shops, nicolae_shop_hallway_stairs

Skill      XL: |  1  2  3 |
---------------+----------+-----
Unarmed Combat | 4 |  4.3
Dodging        | 4 |  4.1
Fighting       | |  3.3

Action                     |  1- 3 |  4- 6 || total
---------------------------+-------+-------++-------
  Melee: Unarmed           |   148 |     1 ||   149
         Punch             |     5 |       ||     5
         Bite              |     9 |       ||     9
 Armour: Skin              |     8 |       ||     8
  Dodge: Dodged            |   161 |     3 ||   164
  Block: Other             |    12 |     2 ||    14
         Reflection        |       |     2 ||     2

Table legend: (Time is in decaauts)
 A = Elapsed time spent in this place.
 B = Non-inter-level travel time spent in this place.
 C = Inter-level travel time spent in this place.
 D = Time resting spent in this place.
 E = Time spent auto-exploring this place.
 F = Levels seen in this place.
 G = Mean time per level.
                   A        B        C        D        E       F      G
               +--------+--------+--------+--------+--------+-----+--------+
         Total |   1787 |   1711 |     76 |     46 |    304 |   4 |  446.8 |
       Dungeon |   1787 |   1711 |     76 |     46 |    304 |   4 |  446.8 |
               +--------+--------+--------+--------+--------+-----+--------+

Top non-repeatable levels by time:
     D:2: 848 daAuts
     D:1: 671 daAuts
     D:4: 241 daAuts
     D:3: 26 daAuts
